 Dungeon Crawl Stone Soup version 0.23-a0-295-g2e428d4 (webtiles) character file.

1 Amnesiac the Magician (level 1, 0/13 HPs)
             Began as a Mummy Wizard on Oct 4, 2018.
             Slain by a leopard gecko (2 damage)
             ... on level 1 of the Dungeon.
             The game lasted 00:00:29 (84 turns).

Amnesiac the Magician (Mummy Wizard)                  Turns: 84, Time: 00:00:30

Health: 0/13       AC:  2    Str: 10    XL:     1   Next: 16%
Magic:  0/5        EV: 12    Int: 17    God:
Gold:   0          SH:  0    Dex: 10    Spells: 7/8 levels left

rFire    x . .     SeeInvis .   (no weapon)
rCold    + . .     Gourm    .   (no shield)
rNeg     + + +     Faith    .   a - +0 robe
rPois    ∞         Spirit   .   b - +0 hat
rElec    .         Reflect  .   (no cloak)
rCorr    .         Harm     .   (no gloves)
MR       .....                  (no boots)
Stlth    ++........             (no amulet)
HPRegen  0.04/turn              (no ring)
MPRegen  0.09/turn              (no ring)

@: no status effects
A: no food or potions, fire vulnerability, cold resistance 1, negative energy
resistance 3, torment resistance, unbreathing
a: no special abilities


You were on level 1 of the Dungeon.
You were not hungry.

You visited 1 branch of the dungeon, and saw 1 of its levels.

Inventory:

Armour
 a - a +0 robe (worn)
 b - a +0 hat (worn)
Scrolls
 c - a scroll of teleportation {!r, unknown}


   Skills:
 - Level 1.5 Dodging
 - Level 1.5 Stealth
 + Level 4.1 Spellcasting
 - Level 0.7 Conjurations
   Level 0.7 Summonings
   Level 0.7 Translocations


You had 7 spell levels left.
You knew the following spells:

 Your Spells              Type           Power        Failure   Level  Hunger
a - Magic Dart            Conj           #...         12%         1    N/A

Your spell library contained the following spells:

 Spells                   Type           Power        Failure   Level  Hunger
 Blink                    Tloc           N/A          17%         2    N/A
 Call Imp                 Summ           #.......     17%         2    N/A
 Slow                     Hex            #.......     24%         2    N/A
 Conjure Flame            Conj/Fire      #.......     38%         3    N/A
 Mephitic Cloud           Conj/Pois/Air  #.......     38%         3    N/A

Dungeon Overview and Level Annotations

Branches:
Dungeon (1/15)

Altars:


Innate Abilities, Weirdness & Mutations

You do not eat or drink.
Your flesh is vulnerable to fire.
You are immune to poison.
Your flesh is cold resistant. (rC+)
You are immune to negative energy. (rN+++)
You are immune to unholy pain and torment.
You can survive without breathing.


Message History

A giant cockroach comes into view.
Found a green potion.
A hobgoblin comes into view.
The hobgoblin shouts!
You hear a shout!
The goblin closely misses you.
The hobgoblin throws a stone.
The stone closely misses you.
A rat comes into view.
The goblin closely misses you.
You see here a stone.
The leopard gecko hisses menacingly.
The hobgoblin throws a stone.
The stone hits you but does no damage.
The goblin hits you with a dagger of venom.
You see here a stone.
A kobold comes into view. It is wielding a club.
The rat twitches its whiskers.
The hobgoblin throws a stone.
The stone barely misses you. The giant cockroach bites you.
You see here a stone.
The hobgoblin throws a stone.
The stone hits you but does no damage. The leopard gecko misses you.
You see here a stone.
Found a club.
A rat and a kobold come into view.
Found 14 poisoned needles.
Found a stone staircase leading down.
Casting: Magic Dart (safe; 12% risk of failure)
Confirm with . or Enter, or press ? or * to list all spells.
Aiming: Magic Dart (safe; 12% risk of failure)
Press: ? - help, Shift-Dir - straight line, f/p - hobgoblin
Aim: a hobgoblin (moderately wounded)
The magic dart hits the hobgoblin.
The hobgoblin is moderately wounded.
The leopard gecko barely misses you.
The rat twitches its whiskers.
Casting: Magic Dart (safe; 12% risk of failure)
Confirm with . or Enter, or press ? or * to list all spells.
Aiming: Magic Dart (safe; 12% risk of failure)
Press: ? - help, Shift-Dir - straight line, f/p - hobgoblin
Aim: a hobgoblin (lightly wounded)
The magic dart hits the leopard gecko.
The leopard gecko closely misses you. The leopard gecko bites you.
* * * LOW HITPOINT WARNING * * *
Casting: Magic Dart (safe; 12% risk of failure)
Confirm with . or Enter, or press ? or * to list all spells.
Aiming: Magic Dart (safe; 12% risk of failure)
Press: ? - help, Shift-Dir - straight line, f/p - hobgoblin
Aim: a hobgoblin (lightly wounded)
The magic dart hits the leopard gecko.
The leopard gecko is heavily wounded.
The leopard gecko misses you.
Casting: Magic Dart (safe; 12% risk of failure)
Confirm with . or Enter, or press ? or * to list all spells.
Aiming: Magic Dart (safe; 12% risk of failure)
Press: ? - help, Shift-Dir - straight line, f/p - hobgoblin
Aim: a hobgoblin (lightly wounded)
The magic dart hits the leopard gecko.
The leopard gecko is severely wounded.
The leopard gecko bites you.
* * * LOW HITPOINT WARNING * * *
Casting: Magic Dart (safe; 12% risk of failure)
Confirm with . or Enter, or press ? or * to list all spells.
You don't have enough magic to cast that spell.
There is a stone staircase leading down here.
The leopard gecko bites you.
You die...

### ).# #.# ##.##
####g..#########
#.#####.lg.s.........###
..(....@##rK.##.(g##..g.
#.#########K###(..##.###
#.#g((.r.......
r.##.r.........# #K#
#.........#.# #.
#.##....####.# . .!.
.....# .# . .####.#...#
### ..#..... .


You could see a leopard gecko, a giant cockroach, a hobgoblin and a goblin.

Vanquished Creatures
  A hobgoblin (D:1)
1 creature vanquished.

Notes
Turn   | Place    | Note
-------+----------+-------------------------------------------
     0 | D:1      | Amnesiac the Mummy Wizard began the quest for the Orb.
     0 | D:1      | Reached XP level 1. HP: 13/13 MP: 5/5
    84 | D:1      | Slain by a leopard gecko

Vault maps used:
D:1:      mainiacjoe_arrival_reflecting_pool

Action                   || total
-------------------------++-------
 Cast: Magic Dart        ||     9
Dodge: Dodged            ||    12

Table legend:
 A = Non-vault XP
 B = Vault XP
 C = Vault XP percentage of total XP
 D = Non-vault monster count
 E = Vault monster count
 F = Vault count percentage of total count
                 A         B        C        D         E       F
            +---------+---------+-------+---------+---------+-------
      Total |       2 |       0 |   0.0 |       1 |       0 |   0.0
            +---------+---------+-------+---------+---------+-------
        D:1 |       2 |       0 |   0.0 |       1 |       0 |   0.0
            +---------+---------+-------+---------+---------+-------
